 Dungeon Crawl Stone Soup version 0.28-a0-382-g33c4956463 (webtiles) character file.

Game seed: 15451780867245719798

17962 McIrco the Unseen (level 12, -5/78 HPs)
             Began as a Kobold Berserker on Sept 2, 2021.
             Was an Elder of Trog.
             Slain by zyera's ghost (20 damage)
             ... on level 1 of the Lair of Beasts.
             The game lasted 00:26:44 (18276 turns).

McIrco the Unseen (Kobold Berserker)               Turns: 18276, Time: 00:26:44

Health: -5/78      AC:  6    Str: 18    XL:     12   Next: 89%
Magic:  12/12      EV: 24    Int:  9    God:    Trog [****..]
Gold:   822        SH:  0    Dex: 21    Spells: 11/11 levels left

rFire   . . .      SeeInvis .   S - +1 short sword (distort)
rCold   . . .      Faith    .   (shield restricted)
rNeg    . . .      Spirit   .   R - +0 troll leather armour
rPois   .          Reflect  .   f - +0 helmet
rElec   .          Harm     .   O - scarf {shadows}
rCorr   .          Rampage  .   q - +0 pair of gloves
Will    +++..                   (no boots)
Stlth   +++++++...              (no amulet)
HPRegen 2.23/turn               c - +6 ring of dexterity
MPRegen 0.13/turn               J - ring of willpower

@: strong-willed, regenerating
A: small, no large weapons, nightstalker 3
a: Renounce Religion, Berserk, Trog's Hand, Brothers in Arms


You were on level 1 of the Lair of Beasts.
You worshipped Trog.
Trog was greatly pleased with you.
You visited 2 branches of the dungeon, and saw 14 of its levels.
You also visited: Ossuary.

You collected 822 gold pieces.

Inventory:

Hand Weapons
 a - a +2 short sword of speed
 b - a +2 dagger of venom
 K - a +0 short sword
 S - a +1 short sword of distortion (weapon)
Missiles
 g - 8 silver boomerangs (quivered)
 p - 86 poisoned darts
 H - a throwing net
 T - 4 curare-tipped darts
Armour
 d - a +0 animal skin
 f - a +0 helmet (worn)
 q - a +0 pair of gloves (worn)
 O - a scarf of shadows (worn)
 R - a +0 troll leather armour (worn)
 V - a +2 robe of positive energy
Jewellery
 c - a +6 ring of dexterity (left hand)
 u - a ring of protection from fire
 J - a ring of willpower (right hand)
Wands
 h - a wand of paralysis (24)
 i - a wand of flame (18)
 o - a wand of digging (15)
 X - a wand of charming (9)
Scrolls
 e - 3 scrolls of noise
 l - 4 scrolls of amnesia
 n - 2 scrolls of holy word
 s - a scroll of acquirement {unknown}
 v - 2 scrolls of immolation
 x - 2 scrolls of magic mapping {unknown}
 y - 2 scrolls of teleportation
 C - a scroll of torment {unknown}
 E - a scroll of brand weapon {unknown}
 F - 4 scrolls of identify
 G - 3 scrolls of fear
 L - a scroll of enchant weapon
 N - a scroll of summoning {unknown}
 P - a scroll of vulnerability {unknown}
 Q - a scroll of fog
 U - a scroll of silence
 W - a scroll of enchant armour {unknown}
Potions
 j - a potion of haste
 k - 5 potions of lignification
 m - 2 potions of resistance
 r - 5 potions of curing
 t - 2 potions of invisibility
 w - a potion of cancellation
 z - a potion of flight
 A - a potion of brilliance
 B - 6 potions of degeneration
 D - 4 potions of attraction
 I - a potion of mutation {unknown}
 M - a potion of heal wounds


   Skills:
 + Level 10.3 Fighting
 + Level 12.5 Short Blades
 + Level 0.4 Throwing
 + Level 3.0 Armour
 + Level 12.3 Dodging
 + Level 15.1 Stealth
 + Level 1.3 Evocations


You had 11 spell levels left.
You didn't know any spells.
Your spell library was empty.

Dungeon Overview and Level Annotations

Branches:
Dungeon (13/15)            Temple (0/1) D:4            Lair (1/6) D:10
    Orc (0/2) D:10        Ossuary (visited)
 Vaults: D:13-14

Altars:
Elyvilon
Sif Muna

Shops:
D:2 (   D:5 *   D:8 (   D:10 [   D:11 [

Annotations:
D:3 confidenceinterval's ghost, amateur MiHu
Lair:1 1 transporter, exclusion: ice statue, zyera's ghost, journeyman GrEE


Innate Abilities, Weirdness & Mutations

You are small and have problems with some larger weapons.
You are completely attuned to the shadows.


Message History

Unknown command.
Unknown command.
Okay, then.
Unknown command.
Okay, then.
Unknown command.
You feel much better. The black mamba closely misses you.
The black mamba barely misses you. Zyera's ghost closely misses you.
Unknown command.
Unknown command.
You hit the black mamba.
Space bends around the black mamba.
The black mamba is moderately wounded.
The black mamba misses you.
You miss the black mamba.
The black mamba is moderately wounded.
The black mamba completely misses you. Zyera's ghost completely misses you.
You hit the black mamba but do no damage.
Space bends around the black mamba.
The black mamba is moderately wounded.
The black mamba completely misses you.
You hit the black mamba but do no damage.
The black mamba is moderately wounded.
The black mamba blinks!
Zyera's ghost hits you!
You are electrocuted!
* * * LOW HITPOINT WARNING * * *
Unknown command.
Zyera's ghost points at you and mumbles some strange words.
The stone arrow misses you.
The water moccasin hisses angrily.
Unknown command.
You fail to use your ability.
The black mamba bites you!
* * * LOW HITPOINT WARNING * * *
The black mamba misses you.
Unknown command.
Unknown command.
Your ogre goes berserk!
The black mamba closely misses you. Something bites your ogre!
Zyera's ghost hits you!
* * * LOW HITPOINT WARNING * * *
You are electrocuted!!
You die...

#...#..#.....#.#....##...##.....#
....#..P.#.....P...##.###.##.....
....#....#[..#.'..## .. .. ##...#
#...+..#..'##..#.##8. ≈8##.##
#...............##≈≈# #≈ ##..
#...#..#.......##$.≈ ..##.
#####..###.##..#.#.$ .#.#.
..............©#W#.. #©#©
...............#@#.. ≈#.#.
........##.##..##SO. ..##.
###......######.##≈≈# #. ##..
#.....## ##.##8. .8##... #.....#
##.## $≈ .. ##.### #.....#
##..##.###.##..# #.....##
##....##$.$##.#.# #......#
##......#####.##.# ###.....##
#.............##.#


You could see an ice statue, a black mamba (ally target), zyera's ghost and a
friendly ogre (summoned, berserk).

Vanquished Creatures
  2 two-headed ogres
  A centaur warrior (D:10)
  Erica (Lair:1)
  Sonja (Lair:1)
  A deep elf zephyrmancer (D:12)
  A manticore (D:11)
  2 black mambas (Lair:1)
  2 gargoyles
  A kobold demonologist (D:9)
  An unseen horror (D:13)
  2 trolls
  2 shadows
  14 yaks
  A basilisk (Lair:1)
  2 wraiths
  2 steam dragons
  10 vampire mosquitoes
  Menkaure (D:7)
  Edmund (D:4)
  2 wargs (D:10)
  3 acid dragons
  A hornet zombie (D:8)
  3 ice beasts
  4 orc warriors
  2 black bears
  3 necrophages
  6 wolves (Lair:1)
  4 centaurs
  A kobold brigand (D:8)
  3 gnoll sergeants
  9 bullfrogs
  3 scorpions
  2 wyvern zombies (Ossuary)
  A jelly (D:6)
  A water moccasin skeleton (D:4)
  3 wights (D:10)
  An electric eel (D:8)
  2 howler monkeys
  9 centaur zombies
  4 bullfrog zombies
  6 hounds
  A human zombie (D:6)
  9 orc priests
  5 iguanas
  6 orc wizards
  3 killer bee zombies
  20 mummies (Ossuary)
  Robin (D:2)
  2 howler monkey zombies (Ossuary)
  20 gnolls
  2 adders
  A white imp (D:6)
  3 adder skeletons
  A worm (D:3)
  4 dart slugs
  34 orcs
  5 ball pythons
  6 endoplasms
  A giant cockroach (D:4)
  6 hobgoblins
  3 jackals
  3 quokkas
  3 training dummies (D:8)
  7 bats
  7 frilled lizards
  15 goblins
  10 kobolds
  4 rats
303 creatures vanquished.

Vanquished Creatures (collateral kills)
  A two-headed ogre (D:11)
  A meliai zombie (D:11)
2 creatures vanquished.

Vanquished Creatures (others)
  An ufetubus (D:7)
  4 plants (D:8)
  5 withered plants (Ossuary)
10 creatures vanquished.

Grand Total: 315 creatures vanquished

Notes
Turn   | Place    | Note
-------+----------+-------------------------------------------
     0 | D:1      | McIrco the Kobold Berserker began the quest for the Orb.
     0 | D:1      | Reached XP level 1. HP: 14/14 MP: 1/1
   183 | D:1      | Reached XP level 2. HP: 19/19 MP: 2/2
   382 | D:1      | Reached skill level 1 in Stealth
   652 | D:1      | Reached XP level 3. HP: 12/23 MP: 3/3
  1311 | D:1      | Found a faded altar of an unknown god.
  1589 | D:2      | Reached ** piety under Trog
  1590 | D:2      | Reached skill level 2 in Stealth
  2098 | D:2      | Found Tekhludue's Weapon Shop.
  2237 | D:2      | Noticed Robin
  2246 | D:2      | Killed Robin
  2247 | D:2      | Reached XP level 4. HP: 29/29 MP: 4/4
  2286 | D:2      | Reached skill level 5 in Short Blades
  2655 | D:3      | Found a transporter.
  2658 | D:3      | Noticed confidenceinterval's ghost (amateur MiHu)
  2711 | D:3      | Reached skill level 3 in Stealth
  2992 | D:3      | Found a transporter.
  3088 | D:3      | Reached XP level 5. HP: 18/33 MP: 5/5
  3703 | D:3      | Reached skill level 4 in Stealth
  3831 | D:4      | Reached XP level 6. HP: 27/38 MP: 6/6
  4095 | D:3      | Reached skill level 5 in Stealth
  4740 | D:4      | Found a staircase to the Ecumenical Temple.
  4813 | D:4      | Noticed a necrophage
  4818 | D:4      | Killed a necrophage
  4819 | D:4      | Reached XP level 7. HP: 44/44 MP: 7/7
  4855 | D:4      | Reached skill level 6 in Stealth
  4924 | D:4      | Reached *** piety under Trog
  5053 | D:5      | Entered Level 5 of the Dungeon
  5327 | D:5      | Noticed Edmund
  5350 | D:4      | Killed Edmund
  5351 | D:4      | Reached skill level 5 in Fighting
  5351 | D:4      | Reached skill level 5 in Dodging
  5351 | D:4      | Reached skill level 7 in Stealth
  5351 | D:4      | Reached XP level 8. HP: 49/49 MP: 8/8
  5795 | D:5      | Found Welosm's Overcharged Wands.
  5895 | D:5      | Identified the +1 robe "Wofi" {+Inv Will+}
  6384 | D:6      | Reached skill level 8 in Stealth
  6478 | D:6      | Found a sand-covered staircase.
  6490 | Ossuary  | Entered an ossuary
  6573 | Ossuary  | Reached skill level 9 in Stealth
  6607 | Ossuary  | Reached XP level 9. HP: 54/54 MP: 9/9
  9248 | D:7      | Reached skill level 10 in Short Blades
  9352 | D:7      | Noticed Menkaure
  9373 | D:7      | Killed Menkaure
  9374 | D:7      | Reached skill level 10 in Stealth
  9374 | D:7      | Reached XP level 10. HP: 23/63 MP: 10/10
 10260 | D:8      | Reached **** piety under Trog
 10601 | D:8      | Reached skill level 11 in Stealth
 11891 | D:8      | Found Jypeuwk's Firing Range.
 12490 | D:9      | Reached skill level 12 in Stealth
 12505 | D:9      | Reached XP level 11. HP: 12/68 MP: 11/11
 12793 | D:9      | Found a white marble altar of Elyvilon.
 12898 | D:9      | Reached skill level 10 in Dodging
 12900 | D:9      | HP: 2/68 [orc warrior (15)]
 13551 | D:10     | Entered Level 10 of the Dungeon
 13571 | D:10     | Found a staircase to the Lair.
 13637 | D:10     | Noticed a two-headed ogre
 13684 | D:10     | Killed a two-headed ogre
 13685 | D:10     | Reached skill level 13 in Stealth
 13685 | D:10     | Reached skill level 1 in Evocations
 14088 | D:10     | Noticed a centaur warrior
 14112 | D:10     | HP: 1/69 [centaur warrior (11)]
 14118 | D:10     | Killed a centaur warrior
 14742 | D:10     | Found a staircase to the Orcish Mines.
 14745 | D:10     | Found Fig Wulo's Armour Emporium.
 15242 | D:11     | Noticed a two-headed ogre
 15251 | D:11     | Killed a two-headed ogre
 15728 | D:11     | Reached skill level 14 in Stealth
 15811 | D:11     | Noticed a manticore
 15834 | D:11     | Killed a manticore
 15835 | D:11     | Reached XP level 12. HP: 26/76 MP: 12/12
 16260 | D:11     | Found Zureil's Armour Shop.
 16287 | D:11     | You fall into a shaft and drop 1 floor!
 17063 | D:12     | Found a shimmering blue altar of Sif Muna.
 17070 | D:12     | Noticed a boulder beetle
 17144 | D:12     | Noticed a two-headed ogre
 17147 | D:12     | Killed a two-headed ogre
 17259 | Lair:1   | Entered Level 1 of the Lair of Beasts
 17281 | Lair:1   | Noticed Sonja
 17284 | Lair:1   | Killed Sonja
 17285 | Lair:1   | Reached skill level 10 in Fighting
 17334 | Lair:1   | Found a transporter.
 17468 | Lair:1   | Noticed Erica
 17471 | Lair:1   | Killed Erica
 17706 | Lair:1   | Reached skill level 15 in Stealth
 17797 | Lair:1   | Found a transporter.
 17833 | Lair:1   | Noticed zyera's ghost (journeyman GrEE)
 18276 | Lair:1   | Slain by zyera's ghost

Illustrated notes

Levels and vault maps discovered:
D:1:      heliophobic_arrival_dark_side_of_the_moon, layout_basic,
          shapermc_ecumenical_altar_petra, minmay_pentomino_v4
D:2:      layout_rooms, serial_shops, nicolae_square_shop, uniq_robin
D:3:      layout_basic, gammafunk_ghost_arena, chequers_serial_rivers_micro_a
D:4:      layout_cave_pools, minmay_temple_entry_stoned_glass
D:5:      layout_cave_pools, nicolae_shop_overcharged_wands, uniq_edmund
D:6:      layout_loops_corners, enter_ossuary_3, minmay_misc_feat_plants
D:7:      layout_gridville, dk_noncrumbling_4, uniq_menkaure
D:8:      layout_loops_cross, serial_bayou, serial_bayou_pond_d,
          serial_bayou_shore_b, serial_bayou_pond_d, serial_bayou_pond_b,
          serial_bayou_pond_c, serial_bayou_crossing, minmay_misc_feat_room,
          nicolae_shop_firing_range
D:9:      layout_rooms, mainiacjoe_overflow_cross_hatched, st_stairs_13
D:10:     layout_layer_cave, erik_lair_orcish_takeover, orc_david_3
D:11:     layout_cave_pods, serial_shops, nicolae_take_the_stairs
D:12:     layout_irregular_city, serial_shops, shop, serial_column_ruins,
          column_ruins_square_small, column_ruins_hut, column_ruins_grid_3,
          column_ruins_columns_straight, column_ruins_corridor_corner,
          column_ruins_corridor_corner, column_ruins_columns_dead_end,
          column_ruins_open_tiny, column_ruins_open_tiny_water,
          minmay_ruined_shrine
D:13:     layout_basic, enter_trove_5, minmay_misc_feat_x
Lair:1:   layout_chaotic_city, nzn_ghost_randoct, uniq_erica, uniq_sonja

Skill      XL: |  1  2  3  4  5  6  7  8  9 10 11 12 |
---------------+-------------------------------------+-----
Stealth        | 1 2 3 4 5 7 9 10 12 14 15 | 15.1
Short Blades   | 5 6 7 10 11 12 | 12.5
Dodging        | 3 4 5 7 9 11 12 | 12.3
Fighting       | 4 5 7 8 9 10 | 10.3
Evocations     | 1 |  1.3
Armour         | 3 |  3.0
Throwing       | |  0.4

Action                   |  1- 3 |  4- 6 |  7- 9 | 10-12 || total
-------------------------+-------+-------+-------+-------++-------
Melee: Short sword       |   107 |    14 |       |   290 ||   411
       Dagger            |       |   144 |   582 |   490 ||  1216
Throw: Boomerang         |       |       |       |     2 ||     2
Invok: Berserk           |     2 |     1 |     7 |     9 ||    19
       Trog's Hand       |       |     3 |     6 |     8 ||    17
       Brothers in Arms  |       |       |       |     2 ||     2
Evoke: Wand              |       |       |       |     7 ||     7
  Use: Potion            |       |     2 |     1 |     5 ||     8
       Scroll            |       |       |    19 |     1 ||    20
 Stab: Sleeping          |    16 |     8 |    23 |    41 ||    88
       Distracted        |       |       |       |     4 ||     4
       Paralysed         |       |       |       |     2 ||     2
Armor: Animal skin       |    11 |    28 |    58 |    36 ||   133
       Troll leather arm |       |       |       |    16 ||    16
Dodge: Dodged            |    55 |    88 |   319 |   578 ||  1040

Table legend: (Time is in decaauts)
 A = Elapsed time spent in this place.
 B = Non-inter-level travel time spent in this place.
 C = Inter-level travel time spent in this place.
 D = Time resting spent in this place.
 E = Time spent auto-exploring this place.
 F = Levels seen in this place.
 G = Mean time per level.
                   A        B        C        D        E       F      G
               +--------+--------+--------+--------+--------+-----+--------+
         Total |  17754 |  17337 |    417 |   5107 |   9524 |  15 | 1183.6 |
       Dungeon |  15396 |  15006 |    390 |   4282 |   8551 |  13 | 1184.3 |
          Lair |    981 |    954 |     27 |     10 |    787 |   1 |  981.0 |
       Ossuary |   1376 |   1376 |      0 |    814 |    186 |   1 | 1376.0 |
               +--------+--------+--------+--------+--------+-----+--------+

Top non-repeatable levels by time:
     D:3: 1694 daAuts
     D:7: 1616 daAuts
     D:6: 1464 daAuts
     D:9: 1459 daAuts
     D:1: 1452 daAuts
     D:8: 1449 daAuts
 Ossuary: 1376 daAuts
    D:10: 1374 daAuts
     D:2: 1189 daAuts
     D:4: 1013 daAuts
  Lair:1: 981 daAuts
    D:12: 980 daAuts
    D:11: 850 daAuts
     D:5: 753 daAuts
    D:13: 99 daAuts
